 Dungeon Crawl Stone Soup version 0.14-a0-1361-g0512ea0 (webtiles) character file.

67 PolkaDot the Cutter (level 3, 0/27 HPs)
             Began as a Vampire Death Knight on Dec 7, 2013.
             Was a Follower of Yredelemnul.
             Slain by an adder (5 damage)
             ... on Level 1 of the Dungeon.
             The game lasted 00:03:12 (966 turns).

PolkaDot the Cutter (Vampire Death Knight)           Turns: 966, Time: 00:03:12

HP   0/27        AC  3     Str 12      XL: 3   Next: 14%
MP   4/4         EV 16     Int 13      God: Yredelemnul [*.....]
Gold 33          SH  0     Dex 19      Spells:  0 memorised,  2 levels left

rFire  . . .     SeeInvis +     a - +1 short sword
rCold  . . .     Clarity  .     b - +0 leather armour
rNeg   . . .     Conserve .     (no shield)
rPois  .         rCorr    .     (no helmet)
rElec  .         rRot     .     (no cloak)
SustAb . .       Spirit   .     (no gloves)
rMut   .         Warding  .     (no boots)
Saprov . . .     Stasis   .     (no amulet)
                                (no ring)
                                m - cursed ring of hunger

@: regenerating quickly, agile, mildly poisoned, slightly resistant to hostile
enchantments, stealthy
A: fangs 3, see invisible, unbreathing
a: Animate Remains, Renounce Religion


You were on level 1 of the Dungeon.
You worshipped Yredelemnul.
Yredelemnul was aware of your devotion.
You were full.

You visited 1 branch of the dungeon, and saw 2 of its levels.

You collected 33 gold pieces.

Inventory:

Hand weapons
 a - a +1,+1 short sword (weapon)
Armour
 b - a +0 leather armour (worn)
Scrolls
 c - a scroll of noise {unknown}
 e - a scroll of curse armour {unknown}
 g - 2 scrolls of remove curse {unknown}
 i - a scroll of enchant weapon II {unknown}
 k - a scroll of immolation {unknown}
Jewellery
 m - a cursed ring of hunger (left hand)
Potions
 f - a potion of might {unknown}
 h - a potion of heal wounds {unknown}
 j - a potion of degeneration {unknown}
 l - a potion of restore abilities {unknown}


   Skills:
 + Level 2.2 Fighting
 * Level 3.3 Short Blades
 - Level 0.7 Armour
 + Level 1.7 Dodging
 - Level 2.4 Invocations


You had 2 spell levels left.
You didn't know any spells.

Dungeon Overview and Level Annotations

Branches:
Dungeon (2/16)

Altars:


Innate Abilities, Weirdness & Mutations

Your natural rate of healing is unusually fast.
You have razor-sharp teeth.*
You have supernaturally acute eyesight.
You can survive without breathing.*


Message History

The adder is severely wounded.
You feel sick.
You feel a little better. The bat barely misses you.
The quokka barely misses you. The adder bites you.
The bat hits you but does no damage. The quokka closely misses you.
There is a stone staircase leading up here.
* * * LOW HITPOINT WARNING * * *
You feel sick. The bat hits you but does no damage.
The adder completely misses you. The quokka barely misses you.
You climb upwards.
There is a stone staircase leading down here.
Drink which item? (? for menu, Esc to quit)
Okay, then.
The adder bites you.
* * * LOW HITPOINT WARNING * * *
Drink which item? (? for menu, Esc to quit)
You feel agile all of a sudden.
It was a potion of agility.
The adder misses you. The adder bites you.
You die...
Yredelemnul claims you as an undead slave.

.....# #.# #..#.# #.#
.###.#######.#####..#.#
#.### .#
#...zz..z....##..#.#
#....
.###...####..##.##..#.#
##### .....#.#
#..##.....#.# ######z#
#..######.#.# # #z#
#..# ##.#.# # #.#
#..#####....# ## #z#
#.....@Sr.>.# .#####z#
#.######...## .....z.#
#.# ###.## .#####.# #.#
#...# .......# #.#
#(### .#####.# #.# #.#
## #.# #.#####.# # #.#
#.#.....## # #.#
#........# #


You could see an adder and a quokka.

Vanquished Creatures
  An ooze (D:1)
  A giant cockroach (D:1)
  5 goblins (D:1)
  3 hobgoblins (D:1)
  6 jackals (D:1)
  3 giant newts (D:1)
  A kobold (D:1)
  3 rats (D:1)
23 creatures vanquished.

Vanquished Creatures (collateral kills)
  A giant mite (D:1)
1 creature vanquished.

Grand Total: 24 creatures vanquished

Notes
Turn   | Place    | Note
--------------------------------------------------------------
     0 | D:1      | PolkaDot, the Vampire Death Knight, began the quest for the Orb.
     0 | D:1      | Reached XP level 1. HP: 16/16 MP: 1/1
   439 | D:1      | Reached XP level 2. HP: 22/22 MP: 2/2
   558 | D:1      | Reached skill level 3 in Short Blades
   719 | D:1      | Reached XP level 3. HP: 20/27 MP: 4/4
   966 | D:1      | Slain by an adder

Action                   || total
-------------------------++-------
Melee: Short sword       ||    98
Invok: Animate Remains   ||     5
  Use: Potion            ||     2
